 Dungeon Crawl Stone Soup version 0.25-a0-424-g80bd347ae0 (webtiles) character file.

Game seed: 1280215105903035788, levelgen mode: deterministic

2543 Lugonue the Carver (level 9, 0/54 HPs)
             Began as an Octopode Wizard on Jan 21, 2020.
             Was an Initiate of Vehumet.
             Slain by a hippogriff (8 damage)
             ... on level 8 of the Dungeon on Jan 22, 2020.
             The game lasted 00:31:21 (8083 turns).

Lugonue the Carver (Octopode Wizard)                Turns: 8083, Time: 00:31:22

Health: 0/54       AC:  5    Str:  9    XL:     9   Next: 55%
Magic:  10/16      EV: 15    Int: 23    God:    Vehumet [......]
Gold:   275        SH:  0    Dex: 12    Spells: 6/17 levels left

rFire    + . .     SeeInvis .   l - +8 long sword "Qosigeb" {vamp, rPois Int+2}
rCold    x . .     Gourm    .   (no shield)
rNeg     . . .     Faith    .   a - +2 hat
rPois    +         Spirit   .   (no amulet)
rElec    .         Reflect  .   j - +2 ring of protection
rCorr    .         Harm     .   q - +2 ring of dexterity
MR       .....                  i - ring of fire
Stlth    ++++......             (no ring)
HPRegen  0.18/turn              (no ring)
MPRegen  0.15/turn              (no ring)
                                (no ring)
                                (no ring)

@: no status effects
A: almost no armour, stealthy swim, amphibious, 8 rings, constrict 8, camouflage
1, gelatinous body 1
a: Renounce Religion


You were on level 8 of the Dungeon.
You worshipped Vehumet.
Vehumet was noncommittal.
You were not hungry.

You visited 2 branches of the dungeon, and saw 9 of its levels.

You collected 387 gold pieces.
You spent 112 gold pieces at shops.

Inventory:

Hand Weapons
 b - a +0 short sword
 d - a +1 dagger
 l - the +8 long sword "Qosigeb" (weapon) {vamp, rPois Int+2}
   (You took it off an orc on level 6 of the Dungeon)

   It inflicts no extra harm, but heals its wielder when it wounds a living foe.
   It affects your intelligence (+2).
   It protects you from poison.
Missiles
 y - a throwing net (quivered)
Armour
 a - a +2 hat (worn)
 k - a +2 shield
Jewellery
 i - a ring of fire (on tentacle)
 j - a +2 ring of protection (left tentacle)
 q - a +2 ring of dexterity (right tentacle)
Wands
 s - a wand of flame (12)
 t - a wand of disintegration (14)
 A - a wand of paralysis (6)
Scrolls
 f - a scroll of teleportation
 g - 2 scrolls of remove curse
 p - a scroll of fog
Potions
 e - 2 potions of brilliance
 h - a potion of curing
 n - a potion of berserk rage
 o - a potion of might
 r - 3 potions of heal wounds
 u - a potion of invisibility
 v - 3 potions of flight
 w - a potion of magic
 z - a potion of ambrosia {unknown}
Comestibles
 c - 14 rations
 m - 2 chunks of flesh


   Skills:
 - Level 1.9 Fighting
 - Level 1.7(6.1) Short Blades
 + Level 9.3 Long Blades
 - Level 4.4 Dodging
 - Level 6.4 Stealth
 - Level 4.8 Spellcasting
 - Level 1.5 Conjurations
   Level 1.0 Summonings
 - Level 2.6 Translocations
 - Level 0.6 Fire Magic
 - Level 0.8 Air Magic
 - Level 1.0 Poison Magic


You had 6 spell levels left.
You knew the following spells:

 Your Spells              Type           Power        Failure   Level  Hunger
a - Magic Dart            Conj           ##..         5%          1    None
b - Mephitic Cloud        Conj/Pois/Air  ##......     19%         3    ##.....
c - Blink                 Tloc           N/A          4%          2    None
d - Conjure Flame         Conj/Fire      ###.....     19%         3    ##.....
e - Slow                  Hex            #.......     14%         2    None

Your spell library contained the following spells:

 Spells                   Type           Power        Failure   Level  Hunger
 Call Imp                 Summ           ##......     10%         2    None


Dungeon Overview and Level Annotations

Branches:
Dungeon (8/15)             Temple (1/1) D:7
   Lair: D:8-11

Altars:
Ashenzari
Cheibriados
Dithmenos
Elyvilon
Fedhas
Gozag
Hepliaklqana
Kikubaaqudgha
Makhleb
Nemelex Xobeh
Okawaru
Qazlal
Ru
Sif Muna
Trog
Uskayaw
Vehumet
Wu Jian
Xom
Yredelemnul
Zin
The Shining One

Shops:
D:5 =


Innate Abilities, Weirdness & Mutations

You cannot wear most types of armour.
You are very stealthy in the water. (Stealth+)
You are amphibious.
You can wear up to eight rings at the same time.
You can use your tentacles to constrict eight enemies at once.
Your skin changes colour to match your surroundings (Stealth+).
Your rubbery body absorbs attacks. (AC +1, EV +1)


Message History

The hippogriff bites you but does no damage.
The hippogriff pecks you! The hippogriff claws you.
You are too injured to fight recklessly!
You completely miss the hippogriff.
The hippogriff is severely wounded.
The hippogriff bites you. The hippogriff pecks you.
The hippogriff completely misses you.
Casting: Mephitic Cloud (safe; 19% risk of failure)
Confirm with . or Enter, or press ? or * to list all spells.
Aiming: Mephitic Cloud (safe; 19% risk of failure)
Press: ? - help, Shift-Dir - straight line, f - you The ball explodes into a vile cloud!
The stinking cloud engulfs you but does no damage.
The stinking cloud engulfs the hippogriff but does no damage.
The hippogriff is severely wounded.
The bullfrog gives a loud, deep croak!
You hear a shout!
The hippogriff bites you!
* * * LOW HITPOINT WARNING * * *
The hippogriff pecks you!
You die...

........###.###.##
................>#
c.......)####.#.##
..!...h...# .#
........#.# #
........#.##
.H......#..#
........##H#
........##@#
##########☼# #.##
#(.# ##.# #.. ##F.
..# .(.


You could see a hippogriff and a bullfrog.

Vanquished Creatures
  A hippogriff (D:7)
  A hungry ghost (D:7)
  A water moccasin (D:7)
  3 sky beasts
  3 ogres
  3 centaurs
  A bullfrog (D:5)
  5 killer bees (D:7)
  3 howler monkeys
  4 crimson imps
  A bullfrog zombie (D:4)
  An orc priest (D:6)
  A centaur skeleton (D:6)
  3 hounds (D:4)
  2 orc wizards (D:7)
  2 bullfrog skeletons
  7 worker ants
  A hound skeleton (D:4)
  A worker ant zombie (D:5)
  9 adders
  6 gnolls
  3 shadow imps
  3 oozes
  A worm (D:6)
  5 dart slugs
  3 leopard geckos
  15 orcs
  9 bats
  13 giant cockroaches
  13 goblins
  7 hobgoblins
  8 jackals
  7 quokkas
  A ball python (D:6)
  9 frilled lizards
  13 kobolds
  2 leopard gecko skeletons
  5 rats
176 creatures vanquished.

Vanquished Creatures (collateral kills)
  A killer bee (D:7)
1 creature vanquished.

Grand Total: 177 creatures vanquished

Notes
Turn   | Place    | Note
-------+----------+-------------------------------------------
     0 | D:1      | Lugonue the Octopode Wizard began the quest for the Orb.
     0 | D:1      | Reached XP level 1. HP: 11/11 MP: 4/4
   615 | D:1      | Reached XP level 2. HP: 14/17 MP: 6/6
  1105 | D:1      | Reached XP level 3. HP: 11/21 MP: 8/8
  1347 | D:1      | Learned a level 3 spell: Mephitic Cloud
  1894 | D:2      | Learned a level 2 spell: Blink
  2022 | D:2      | Reached XP level 4. HP: 14/27 MP: 3/9
  2420 | D:2      | Reached skill level 1 in Short Blades
  2657 | D:2      | Found a glowing golden altar of the Shining One.
  2892 | D:3      | Reached XP level 5. HP: 27/31 MP: 10/10
  3231 | D:3      | Found a bloodstained altar of Trog.
  3524 | D:4      | Found a basalt altar of Yredelemnul.
  3534 | D:4      | Reached skill level 5 in Stealth
  3565 | D:5      | Entered Level 5 of the Dungeon
  3804 | D:5      | Reached skill level 1 in Fighting
  3804 | D:5      | Reached XP level 6. HP: 30/38 MP: 8/11
  3809 | D:5      | Found Cewof's Jewellery Boutique.
  3823 | D:5      | Bought a +2 ring of dexterity for 112 gold pieces
  3834 | D:5      | Noticed a sky beast
  4132 | D:4      | Learned a level 3 spell: Conjure Flame
  4435 | D:4      | Reached skill level 1 in Poison Magic
  4713 | D:4      | Found a hazy altar of Hepliaklqana.
  4838 | D:4      | Reached XP level 7. HP: 27/43 MP: 7/13
  5278 | D:5      | Found a blossoming altar of Fedhas.
  5810 | D:5      | HP: 2/43 [bullfrog (4)]
  5995 | D:6      | Identified the +8 long sword "Qosigeb" {vamp, rPois Int+2}
  6189 | D:6      | Reached skill level 1 in Long Blades
  6439 | D:6      | Reached XP level 8. HP: 38/50 MP: 15/15
  6672 | D:6      | Reached skill level 2 in Long Blades
  6755 | D:5      | Reached skill level 3 in Long Blades
  6790 | D:5      | Reached skill level 4 in Long Blades
  6941 | D:7      | Reached skill level 5 in Long Blades
  6973 | D:7      | Found a shattered altar of Ashenzari.
  7095 | D:7      | Reached skill level 6 in Long Blades
  7241 | D:7      | Found a staircase to the Ecumenical Temple.
  7250 | Temple   | Entered the Ecumenical Temple
  7475 | Temple   | Became a worshipper of Vehumet
  7505 | Temple   | Learned a level 2 spell: Slow
  7573 | D:7      | Reached XP level 9. HP: 52/54 MP: 16/16
  7578 | D:7      | Reached skill level 7 in Long Blades
  7617 | D:7      | Reached skill level 8 in Long Blades
  8063 | D:8      | Reached skill level 9 in Long Blades
  8083 | D:8      | Slain by a hippogriff

Levels and vault maps discovered:
D:1:      lightli_arrival_statuegarden, layout_basic
D:2:      layout_rooms, lemuel_coloured_pillars_altar, minmay_pentomino_q2
D:3:      minmay_roachtagon, layout_rooms, first_ration,
          chequers_serial_rivers_room_b, roderic_serpentine_path,
          lemuel_altar_in_water
D:4:      layout_basic, old_standard_altar, yredelemnul_altar_generic
D:5:      layout_basic, serial_shops, nicolae_shop_window_shopping,
          fedhas_bush_and_centaur_altar
D:6:      layout_loops_ring
D:7:      layout_loops_ring, ashenzari_altar_1, temple_fountains,
          grunt_ogre_cave
D:8:      layout_basic
Temple:   hc_temple_tempest_star

Skill      XL: |  1  2  3  4  5  6  7  8  9 |
---------------+----------------------------+-----
Stealth        | 3 4 5 6 |  6.4
Short Blades   | 1 |  1.7
Dodging        | 3 4 |  4.4
Translocations | 2 |  2.6
Fighting       | 1 |  1.9
Spellcasting   | 4 |  4.8
Poison Magic   | 1 |  1.0
Long Blades    | 1 6 9 |  9.3
Conjurations   | |  1.5
Summonings     | |  1.0
Fire Magic     | |  0.6
Air Magic      | |  0.8

Action                   |  1- 3 |  4- 6 |  7- 9 || total
-------------------------+-------+-------+-------++-------
Melee: Short sword       |    15 |       |       ||    15
       Unarmed           |     4 |       |       ||     4
       Tentacles         |    11 |    46 |    36 ||    93
       Constrict         |    17 |    51 |    44 ||   112
       Dagger            |    53 |   222 |   101 ||   376
       Long sword        |       |       |   143 ||   143
 Cast: Magic Dart        |    13 |    18 |    18 ||    49
       Blink             |     2 |    12 |     6 ||    20
       Mephitic Cloud    |       |    10 |    13 ||    23
       Conjure Flame     |       |     3 |    11 ||    14
  Use: Scroll            |     6 |    10 |    10 ||    26
       Potion            |       |     2 |     3 ||     5
 Stab: Sleeping          |    10 |    11 |    10 ||    31
       Confused          |       |     5 |     2 ||     7
       Distracted        |       |     1 |     2 ||     3
  Eat: Ration            |     1 |     2 |     4 ||     7
       Chunk             |     1 |     2 |     3 ||     6
Armor: Skin              |    14 |    71 |    41 ||   126
Dodge: Dodged            |    45 |   146 |   190 ||   381
       Rpst.: Long sword |       |       |    20 ||    20

Table legend:
 A = Non-vault XP
 B = Vault XP
 C = Vault XP percentage of total XP
 D = Non-vault monster count
 E = Vault monster count
 F = Vault count percentage of total count
                 A         B        C        D         E       F
            +---------+---------+-------+---------+---------+-------
      Total |    3389 |     245 |   6.7 |     167 |      10 |   5.6
            +---------+---------+-------+---------+---------+-------
        D:1 |      71 |       0 |   0.0 |      35 |       0 |   0.0
        D:2 |      69 |       2 |   2.8 |      15 |       1 |   6.2
        D:3 |      53 |      14 |  20.9 |      21 |       7 |  25.0
        D:4 |     397 |       0 |   0.0 |      22 |       0 |   0.0
        D:5 |     683 |     108 |  13.7 |      26 |       1 |   3.7
        D:6 |     380 |       0 |   0.0 |      21 |       0 |   0.0
        D:7 |    1393 |     121 |   8.0 |      22 |       1 |   4.3
        D:8 |     343 |       0 |   0.0 |       5 |       0 |   0.0
            +---------+---------+-------+---------+---------+-------
